 Dungeon Crawl Stone Soup version 0.31-a0-431-g88bdf31460 (webtiles) character file.

Game seed: 9102239726813120300

72 floatRand the Ruffian (level 4, -2/35 HPs)
             Began as a Draconian Shapeshifter on July 31, 2023.
             Slain by an ogre
             ... wielding a +0 giant club
              (20 damage)
             ... on level 4 of the Dungeon.
             The game lasted 00:01:48 (2031 turns).

floatRand the Ruffian (Draconian Shapeshifter)      Turns: 2031, Time: 00:01:49

Health: -2/35      AC:  5    Str: 18    XL:     4   Next: 6%
Magic:  0/4        EV: 12    Int:  8    God:
Gold:   191        SH:  0    Dex: 13    Spells: 3/3 levels left

rFire   . .          .
                       - Unarmed
rCold   . . .        (no shield)
rNeg    . . .        (body armour unavailable)
rPois   .            (helmet currently unavailable)
rElec   .            (cloak currently unavailable)
rCorr   .            (gloves currently unavailable)
SInv    .            (boots currently unavailable)
Will    .....        i - amulet of guardian spirit
Stlth   +            (no ring)
HPRegen 0.25/turn    (no ring)
MPRegen 0.09/turn

%: guardian spirit
@: beast-form
A: beast (slay +2), AC +5, unfitting armour, cold-blooded
a: Begin Untransformation


You were on level 4 of the Dungeon.
You were a hulking beast.
You visited 1 branch of the dungeon, and saw 4 of its levels.

You collected 191 gold pieces.

Inventory:

Jewellery
 i - an amulet of guardian spirit (around neck)
Talismans
 b - a beast talisman (active)
 r - a blade talisman
Scrolls
 d - 4 scrolls of identify {unknown}
 e - a scroll of noise {unknown}
 f - 2 scrolls of silence {unknown}
 g - a scroll of vulnerability {unknown}
 j - a scroll of revelation {unknown}
 k - 4 scrolls of enchant weapon {unknown}
 m - a scroll of fog {unknown}
 n - a scroll of poison {unknown}
Potions
 a - a potion of lignification
 c - a potion of enlightenment {unknown}
 h - a potion of haste {unknown}
 l - 2 potions of mutation {unknown}
 o - a potion of attraction {unknown}
 p - a potion of heal wounds {unknown}
 q - a potion of berserk rage {unknown}


   Skills:
 - Level 1.1 Fighting
 - Level 1.7 Dodging
 * Level 4.4 Unarmed Combat
 + Level 3.5 Shapeshifting


You had 3 spell levels left.
You didn't know any spells.
Your spell library contained the following spells:

 Spells                   Type           Power      Damage    Failure   Level
 Sting                    Tmut/Pois      0%         1d3       41%         1
 Lesser Beckoning         Tloc           0%         N/A       54%         2
 Poisonous Vapours        Pois/Air       0%         N/A       54%         2
 Gell's Gravitas          Tloc           0%         N/A       78%         3
 Teleport Other           Tloc           0%         N/A       78%         3
 Olgreb's Toxic Radiance  Pois           0%         N/A       99%         4


Dungeon Overview and Level Annotations

Branches:
Dungeon (4/15)
 Temple: D:4-7

Altars:
Dithmenos
Trog
Zin


Innate Abilities, Weirdness & Mutations

You are a hulking beast.
Your limbs bulge with bestial killing power. (Slay +2)
Your plain brown scales are hard. (AC +5)
You cannot fit into any form of body armour.
You are cold-blooded and may be slowed by cold attacks.


Message History

You punch the goblin!
You kill the goblin!
Things that are here:
a +0 dagger; a goblin corpse
There is a stone staircase leading up here.
You see here a +0 dagger.
You now have 191 gold pieces (gained 10).
Done exploring.
Done exploring.
Done exploring.
Done exploring.
(D) Dungeon
Where to? (Enter - D:3, ? - help)
What level of the Dungeon? (default 1, ? - help)
There is a stone staircase leading down here.
You climb downwards.
The ogre shouts!
Found a robe and 2 poisoned darts.
There is a stone staircase leading up here.
An ogre is nearby!
An ogre is nearby!
An ogre is nearby!
An ogre is nearby!
You barely miss the ogre. You tail-slap the ogre.
The ogre is lightly wounded.
Unknown command.
You punch the ogre!
The ogre is heavily wounded.
The ogre hits you with a +0 giant club!!
Ouch! That really hurt!
You punch the ogre!
The ogre is severely wounded.
The ogre barely misses you.
You completely miss the ogre.
The ogre is severely wounded.
You barely miss the ogre.
The ogre is severely wounded.
The ogre hits you with a +0 giant club!!
Ouch! That really hurt!
You die...

..# ... .. ..
.# .# #
########O##....
.......h...[.#
########.###.#
.# (# .. ##


You could see an ogre.

Vanquished Creatures
  2 adders
  5 ball pythons
  3 endoplasms
  5 giant cockroaches
  6 hobgoblins
  5 kobolds
  2 quokkas
  6 bats
  2 frilled lizards
  6 goblins
  7 rats
49 creatures vanquished.

Notes
Turn   | Place    | Note
-------+----------+-------------------------------------------
     0 | D:1      | floatRand the Draconian Shapeshifter began the quest for
                  | the Orb.
     0 | D:1      | Reached XP level 1. HP: 16/16 MP: 1/1
   155 | D:1      | Reached XP level 2. HP: 23/23 MP: 2/2
   956 | D:2      | Reached XP level 3. HP: 28/28 MP: 3/3
  1148 | D:2      | Reached skill level 4 in Unarmed Combat
  1549 | D:3      | Found a bloodstained altar of Trog.
  1549 | D:3      | Found a glowing silver altar of Zin.
  1819 | D:3      | Reached XP level 4. HP: 35/35 MP: 4/4
  1914 | D:3      | Found a shadowy altar of Dithmenos.
  2026 | D:4      | Noticed an ogre
  2031 | D:4      | Slain by an ogre

Illustrated notes

Levels and vault maps discovered:
D:1:      minmay_arrival_glassed_features, layout_basic
D:2:      layout_basic, minivault_27, minivault_19
D:3:      minmay_wonky_spiral, layout_basic,
          chequers_temple_overflow_statue_of_worship
D:4:      cheibrodos_quashed, layout_loops_ring, nicolae_overflow_hidden_temple

Skill      XL: |  1  2  3 |
---------------+----------+-----
Unarmed Combat | 4 |  4.4
Fighting       | |  1.1
Dodging        | |  1.7
Shapeshifting  | |  3.5

Action                     |  1- 3 |  4- 6 || total
---------------------------+-------+-------++-------
  Melee: Unarmed           |    86 |    13 ||    99
         Punch             |     3 |       ||     3
         Tailslap          |     7 |     1 ||     8
   Stab: Sleeping          |     2 |       ||     2
 Armour: Skin              |    19 |     3 ||    22
  Dodge: Dodged            |    50 |     5 ||    55

Table legend: (Time is in decaauts)
 A = Elapsed time spent in this place.
 B = Non-inter-level travel time spent in this place.
 C = Inter-level travel time spent in this place.
 D = Time resting spent in this place.
 E = Time spent auto-exploring this place.
 F = Levels seen in this place.
 G = Mean time per level.
                   A        B        C        D        E       F      G
               +--------+--------+--------+--------+--------+-----+--------+
         Total |   2025 |   1954 |     71 |      0 |   1581 |   4 |  506.2 |
       Dungeon |   2025 |   1954 |     71 |      0 |   1581 |   4 |  506.2 |
               +--------+--------+--------+--------+--------+-----+--------+

Top non-repeatable levels by time:
     D:1: 747 daAuts
     D:2: 728 daAuts
     D:3: 546 daAuts
     D:4: 4 daAuts
